 Dungeon Crawl Stone Soup version 0.22-a0-618-gd6a3efe (webtiles) character file.

96 Amnesiac the Magician (level 4, -4/30 HPs)
             Began as a Mummy Earth Elementalist on July 13, 2018.
             Slain by a worm (12 damage)
             ... on level 4 of the Dungeon.
             The game lasted 00:04:12 (2405 turns).

Amnesiac the Magician (Mummy Earth Elementalist)    Turns: 2405, Time: 00:04:13

Health: -4/30      AC:  2    Str: 11    XL:     4   Next: 41%
Magic:  3/9        EV: 12    Int: 15    God:
Gold:   50         SH:  5    Dex: 12    Spells: 0/10 levels left

rFire    x . .     SeeInvis +   d - +0 dagger
rCold    + + .     Gourm    .   (no shield)
rNeg     + + +     Faith    .   c - +0 robe
rPois    ∞         Spirit   .   (no helmet)
rElec    .         Reflect  +   (no cloak)
rCorr    .         Harm     .   (no gloves)
MR       .....                  (no boots)
Stlth    ++........             b - +5 amulet of reflection
HPRegen  0.10/turn              g - ring of protection from cold
MPRegen  0.11/turn              h - ring of see invisible

@: very slightly contaminated
A: no food or potions, fire vulnerability, cold resistance 1, negative energy
resistance 3, torment resistance, unbreathing
a: no special abilities


You were on level 4 of the Dungeon.
You were not hungry.

You visited 1 branch of the dungeon, and saw 5 of its levels.

You collected 50 gold pieces.

Inventory:

Hand Weapons
 d - a +0 dagger (weapon)
Armour
 c - a +0 robe (worn)
Jewellery
 b - a +5 amulet of reflection (around neck)
 g - a ring of protection from cold (left hand)
 h - a ring of see invisible (right hand)
Wands
 e - a wand of disintegration (9)
 f - a wand of iceblast (12)
Scrolls
 a - 4 scrolls of identify {!r, unknown}
 i - 2 scrolls of magic mapping {!r, unknown}


   Skills:
 + Level 0.9 Short Blades
 - Level 1.5 Dodging
 - Level 2.0 Stealth
 + Level 3.6 Spellcasting
 - Level 0.7 Transmutations
 * Level 3.6 Earth Magic


You couldn't memorise any spells.
You knew the following spells:

 Your Spells              Type           Power        Failure   Level  Hunger
a - Stone Arrow           Conj/Erth      #.....       26%         3    N/A
b - Passwall              Tmut/Erth      #.......     12%         2    N/A
c - Sandblast             Erth           ##....       4%          1    N/A
e - Petrify               Tmut/Erth      #.......     61%         4    N/A

Your spell library contained the following spells:

 Spells                   Type           Power        Failure   Level  Hunger
 Lee's Rapid Deconstruct  Erth           ##........   75%         5    N/A

Dungeon Overview and Level Annotations

Branches:
Dungeon (5/15)
 Temple: D:4-7

Altars:
Nemelex Xobeh

Annotations:
D:4 exclusion: ogre


Innate Abilities, Weirdness & Mutations

You do not eat or drink.
Your flesh is vulnerable to fire.
You are immune to poison.
Your flesh is cold resistant. (rC+)
You are immune to negative energy. (rN+++)
You are immune to unholy pain and torment.
You can survive without breathing.


Message History

You hit the worm but do no damage.
The worm is moderately wounded.
The worm bites you.
You hit the worm but do no damage.
The worm is moderately wounded.
You hit the worm.
The worm is moderately wounded.
You block the worm's attack.
You hit the worm.
The worm is heavily wounded.
You hit the worm.
The worm is heavily wounded.
The worm barely misses you.
Casting: Stone Arrow (safe; 26% risk of failure)
Confirm with . or Enter, or press ? or * to list all spells.
You don't have enough magic to cast that spell.
You hit the worm.
The worm is severely wounded.
You hit the worm but do no damage.
The worm is severely wounded.
The worm bites you.
You barely miss the worm.
The worm is heavily wounded.
The worm bites you.
Casting: Stone Arrow (safe; 26% risk of failure)
Confirm with . or Enter, or press ? or * to list all spells.
You don't have enough magic to cast that spell.
You barely miss the worm.
The worm is heavily wounded.
You hit the worm.
The worm is severely wounded.
You block the worm's attack.
Casting: Stone Arrow (safe; 26% risk of failure)
Confirm with . or Enter, or press ? or * to list all spells.
You don't have enough magic to cast that spell.
You hit the worm but do no damage.
The worm is severely wounded.
You barely miss the worm.
The worm is severely wounded.
The worm bites you.
Casting: Stone Arrow (safe; 26% risk of failure)
Confirm with . or Enter, or press ? or * to list all spells.
You don't have enough magic to cast that spell.
You hit the worm but do no damage.
The worm is severely wounded.
You hit the worm.
The worm is severely wounded.
The worm bites you.
You hit the worm.
The worm is almost dead.
The worm bites you!
* * * LOW HITPOINT WARNING * * *
Casting: Stone Arrow (safe; 26% risk of failure)
Confirm with . or Enter, or press ? or * to list all spells.
You don't have enough magic to cast that spell.
Casting: Stone Arrow (safe; 26% risk of failure)
Confirm with . or Enter, or press ? or * to list all spells.
You don't have enough magic to cast that spell.
You barely miss the worm.
The worm is almost dead.
You hit the worm but do no damage.
The worm is almost dead.
The worm bites you!
You die...

##...#.......###...>
##.###......#.....#.#
#.## ##.....#.#####..
##.###......#.# ##.
######.#....#..#.# #.
.........#........# #.
##.......#........######.
#.......#...)..#.##.....
#.....w@...###..........
#.......##.# #.#.##!....
.........##.###.#.######.
.#.....%.##.......# #.
##########>......######.
####.##......#.
#.##.####.## #.##.####.##
#...........


You could see a worm.

Vanquished Creatures
  3 gnolls (D:4)
  3 adders
  An adder skeleton (D:4)
  A worm (D:4)
  A dart slug (D:3)
  A leopard gecko (D:3)
  2 ball pythons (D:4)
  3 bats
  A giant cockroach (D:3)
  3 goblins
  3 hobgoblins (D:3)
  3 kobolds
  3 quokkas
  A frilled lizard (D:2)
  A leopard gecko skeleton (D:4)
  A quokka skeleton (D:4)
  4 rats
35 creatures vanquished.

Notes
Turn   | Place    | Note
-------+----------+-------------------------------------------
     0 | D:1      | Amnesiac the Mummy Earth Elementalist began the quest for the Orb.
     0 | D:1      | Reached XP level 1. HP: 13/13 MP: 4/4
   367 | D:2      | Reached XP level 2. HP: 18/19 MP: 2/5
   430 | D:2      | Learned a level 2 spell: Passwall
   557 | D:3      | Reached XP level 3. HP: 24/24 MP: 3/7
   891 | D:5      | Entered Level 5 of the Dungeon
  1234 | D:3      | Reached XP level 4. HP: 13/30 MP: 4/9
  1292 | D:3      | Learned a level 4 spell: Petrify
  1585 | D:4      | Noticed an ogre
  1841 | D:4      | Found a sparkling altar of Nemelex Xobeh.
  2180 | D:4      | Learned a level 3 spell: Stone Arrow
  2405 | D:4      | Slain by a worm

Vault maps used:
D:1:      nzn_arrival_water_spiral, palyth_stone_intersect, serial_park_tiny_1,
          minmay_tetromino_l2
D:2:      first_ration, kennysheep_generic_room_5
D:3:      minmay_cupped
D:4:      nemelex_xobeh_ov_fountains_minmay, minmay_misc_feat_cross,
          uniq_sigmund

Skill      XL: |  1  2 |
---------------+-------+-----
Spellcasting   | 3 |  3.6
Earth Magic    | 3 |  3.6
Stealth        | 2 |  2.0
Short Blades   | |  0.9
Dodging        | |  1.5
Transmutations | |  0.7

Action                   |  1- 3 |  4- 6 || total
-------------------------+-------+-------++-------
Melee: Unarmed           |    53 |       ||    53
       Dagger            |    16 |    80 ||    96
 Cast: Sandblast         |    32 |     2 ||    34
       Stone Arrow       |       |     3 ||     3
       Passwall          |       |     2 ||     2
       Petrify           |       |     1 ||     1
 Stab: Sleeping          |     1 |     1 ||     2
       Petrified         |       |     5 ||     5
Armor: Robe              |    46 |     8 ||    54
Dodge: Dodged            |    91 |    25 ||   116
Block: Other             |     2 |    14 ||    16

Table legend:
 A = Spawn XP
 B = Non-spawn XP
 C = Spawn XP percentage of total XP
 D = Spawn monster count
 E = Non-spawn monster count
 F = Spawn count percentage of total count
 G = Total turns spent on level
                    A         B        C        D         E        F      G
               +---------+---------+-------+---------+---------+-------+---------
         Total |       0 |     138 |   0.0 |       0 |      35 |   0.0 |  2405
               +---------+---------+-------+---------+---------+-------+---------
           D:2 |       0 |      40 |   0.0 |       0 |      11 |   0.0 |   510
           D:3 |       0 |      36 |   0.0 |       0 |      13 |   0.0 |   749
           D:4 |       0 |      62 |   0.0 |       0 |      11 |   0.0 |  1074
               +---------+---------+-------+---------+---------+-------+---------
